 Dungeon Crawl Stone Soup version 0.30.0-5-g1a98f26d00 (webtiles) character file.

Game seed: 3992706449043051137

760 GigaChad the Shield-Bearer (level 8, -1/61 HPs)
             Began as a Formicid Fighter on May 11, 2023.
             Killed by divine providence
             ... invoked by an orc priest
              (13 damage)
             ... on level 4 of the Dungeon.
             The game lasted 00:05:54 (3025 turns).

GigaChad the Shield-Bearer (Formicid Fighter)       Turns: 3025, Time: 00:05:55

Health: -1/61      AC:  7    Str: 29    XL:     8   Next: 7%
Magic:  8/8        EV: 10    Int: 11    God:
Gold:   191        SH:  5    Dex: 13    Spells: 7/7 levels left

rFire   . . .        m - +11 mace of Crusades {venom, rPois Int+3 Stlth+}
rCold   . . .        c - +0 buckler
rNeg    . . .        b - +0 scale mail
rPois   +            (helmet unavailable)
rElec   .            (no cloak)
rCorr   .            (no gloves)
SInv    +            (no boots)
Will    .....        (no amulet)
Stlth   +            i - +6 ring of strength
HPRegen 0.30/turn    (no ring)
MPRegen 0.11/turn

%: no passive effects
@: no status effects
A: permanent stasis, dig shafts and tunnels, antennae 3, four strong arms
a: Dig, Shaft Self


You were on level 4 of the Dungeon.
You visited 1 branch of the dungeon, and saw 4 of its levels.

You collected 191 gold pieces.

Inventory:

Hand Weapons
 a - a +0 war axe
 m - the +11 mace of Crusades (weapon) {venom, rPois Int+3 Stlth+}
   (You found it on level 2 of the Dungeon)

   Int:       It affects your intelligence (+3).
   rPois:     It protects you from poison.
   Stlth:     It makes you more stealthy.
Armour
 b - a +0 scale mail (worn)
 c - a +0 buckler (worn)
Jewellery
 g - a ring of flight
 i - a +6 ring of strength (left hand)
 k - an amulet of faith
 t - a ring of ice
Wands
 r - a wand of polymorph (9)
 u - a wand of flame (13)
Scrolls
 j - 2 scrolls of identify
 l - a scroll of immolation
 n - a scroll of magic mapping {unknown}
 p - a scroll of acquirement {unknown}
 s - a scroll of fog {unknown}
Potions
 d - 2 potions of might
 e - 2 potions of cancellation {unknown}
 f - 2 potions of curing {unknown}
 h - a potion of flight {unknown}
 o - a potion of mutation {unknown}
 q - a potion of heal wounds {unknown}
 v - a potion of magic {unknown}


   Skills:
 * Level 4.7 Fighting
 * Level 4.4(5.2) Axes
 * Level 3.9(4.9) Maces & Flails
 * Level 5.4 Armour
 * Level 5.7 Shields


You had 7 spell levels left.
You didn't know any spells.
Your spell library contained the following spells:

 Spells                   Type           Power      Damage    Failure   Level
 Apportation              Tloc           0%         N/A       63%         1
 Necrotise                Necr           0%         1d4       63%         1
 Summon Small Mammal      Summ           0%         N/A       63%         1
 Call Canine Familiar     Summ           0%         N/A       94%         3
 Summon Guardian Golem    Hex/Summ       0%         N/A       94%         3
 Summon Ice Beast         Ice/Summ       0%         N/A       100%        4
 Summon Mana Viper        Hex/Summ       0%         N/A       100%        5
 Monstrous Menagerie      Summ           0%         N/A       100%        7


Dungeon Overview and Level Annotations

Branches:
Dungeon (4/15)
 Temple: D:4-7

Altars:
Cheibriados
Yredelemnul

Shops:
D:1 [


Innate Abilities, Weirdness & Mutations

You cannot be hasted, slowed, berserked, paralysed or teleported.
You can dig through walls and to a lower floor.
You have a pair of large antennae on your head. (SInv)
Your four strong arms can wield two-handed weapons with a shield.


Message History

Unknown command.
You completely miss the orc warrior. You block the orc warrior's attack.
Unknown command.
You hit the orc warrior but do no damage.
The orc warrior is poisoned.
The orc warrior hits you with a +2 heavy flail!
* * * LOW HITPOINT WARNING * * *
Unknown command.
You are too injured to fight recklessly!
Unknown command.
You are too injured to fight recklessly!
Unknown command.
You are too injured to fight recklessly!
You are too injured to fight recklessly!
Unknown command.
You hit the orc warrior.
The orc warrior is lightly wounded.
The orc warrior hits you with a +2 heavy flail.
* * * LOW HITPOINT WARNING * * *
Unknown command.
You thump the orc warrior!
The orc warrior looks as sick as possible!
The orc warrior is heavily wounded.
Unknown command.
You hit the orc warrior.
The orc warrior is severely wounded.
The orc warrior hits you with a +2 heavy flail.
* * * LOW HITPOINT WARNING * * *
Unknown command.
You sock the orc warrior!
You kill the orc warrior!
The giant cockroach bites you but does no damage.
You have reached level 8!
You feel stronger.
You hit the giant cockroach.
The giant cockroach is poisoned.
The giant cockroach is almost dead.
You kill the giant cockroach!
The orc priest mumbles some strange prayers to Beogh against you.
Beogh smites you!
You die...

#.#.#.#.# #.#...#.#
#.#.###.# #.#.....#
#.####### #.#######
# #........
#.##################
#o)@................
####################


You could see an orc priest.

Vanquished Creatures
  Sigmund (D:3)
  An orc warrior (D:4)
  Blork the orc (D:4)
  A howler monkey (D:4)
  A jelly (D:4)
  2 orc priests
  Natasha (thrice) (D:2)
  An iguana (D:4)
  Robin (D:2)
  4 gnolls (D:4)
  4 adders
  2 worms
  2 dart slugs (D:1)
  5 orcs
  6 bats
  5 endoplasms
  3 giant cockroaches
  17 goblins
  9 hobgoblins
  4 jackals (D:1)
  7 kobolds
  A quokka (D:1)
  4 ball pythons
  A frilled lizard (D:2)
  3 rats
89 creatures vanquished.

Notes
Turn   | Place    | Note
-------+----------+-------------------------------------------
     0 | D:1      | GigaChad the Formicid Fighter began the quest for the Orb.
     0 | D:1      | Reached XP level 1. HP: 18/18 MP: 1/1
   142 | D:1      | Reached XP level 2. HP: 24/24 MP: 2/2
   284 | D:1      | Found Luve's Armour Shoppe.
   443 | D:1      | Reached XP level 3. HP: 29/29 MP: 3/3
   746 | D:1      | Found a faded altar of an unknown god.
   902 | D:2      | Found a snail-covered altar of Cheibriados.
   931 | D:2      | Noticed Natasha
   941 | D:2      | Killed Natasha
   942 | D:2      | Reached XP level 4. HP: 14/37 MP: 4/4
  1180 | D:2      | Noticed Natasha
  1190 | D:2      | Killed Natasha
  1191 | D:2      | Reached XP level 5. HP: 37/42 MP: 5/5
  1204 | D:2      | Identified the +11 mace of Crusades {venom, rPois Int+3
                  | Stlth+}
  1343 | D:2      | Noticed Robin
  1347 | D:2      | Noticed Natasha
  1360 | D:2      | Killed Natasha
  1361 | D:2      | Killed Robin
  1569 | D:3      | Reached skill level 5 in Shields
  1727 | D:3      | Reached XP level 6. HP: 43/48 MP: 6/6
  1837 | D:3      | Noticed Sigmund
  1849 | D:3      | Reached skill level 1 in Maces & Flails
  1852 | D:3      | Killed Sigmund
  1853 | D:3      | Reached XP level 7. HP: 25/55 MP: 7/7
  2198 | D:4      | Noticed Blork the orc
  2209 | D:4      | Killed Blork the orc
  2270 | D:4      | Found a basalt altar of Yredelemnul.
  2278 | D:4      | Reached skill level 5 in Armour
  3025 | D:4      | Reached XP level 8. HP: 12/61 MP: 8/8
  3025 | D:4      | Killed from afar by an orc priest

Illustrated notes

Levels and vault maps discovered:
D:1:      eino_arrival_water_star, layout_basic, ebering_ecumenical_altar_hall,
          serial_shops, shop
D:2:      layout_basic, basic_altar, uniq_natasha, uniq_robin
D:3:      layout_rooms, uniq_sigmund
D:4:      layout_basic, yredelemnul_altar_generic, uniq_blork_the_orc

Skill      XL: |  1  2  3  4  5  6  7 |
---------------+----------------------+-----
Axes           | 3 4 |  4.4
Armour         | 4 5 |  5.4
Fighting       | 4 |  4.7
Shields        | 5 |  5.7
Maces & Flails | 2 3 |  3.9

Action                     |  1- 3 |  4- 6 |  7- 9 || total
---------------------------+-------+-------+-------++-------
  Melee: War axe           |    74 |    24 |       ||    98
         Mace              |       |    51 |    42 ||    93
    Use: Scroll            |     1 |     3 |       ||     4
 Armour: Scale mail        |    37 |    36 |    13 ||    86
  Dodge: Dodged            |    43 |    45 |    19 ||   107
  Block: Buckler           |    15 |    25 |    10 ||    50
